 Dungeon Crawl Stone Soup version 0.25.1-9-gc5326a611f (webtiles) character file.

Game seed: 5975531024726587766

1087 Mattiprrivan the Ducker (level 8, 0/51 HPs)
             Began as a Halfling Transmuter on Jan 1, 2021.
             Was a Follower of Uskayaw.
             Slain by a thrashing horror (12 damage)
             ... on level 2 of the Abyss.
             The game lasted 01:12:24 (6337 turns).

Mattiprrivan the Ducker (Halfling Transmuter)       Turns: 6337, Time: 01:12:24

Health: 0/51       AC:  4    Str: 10 (12) XL:     8   Next: 56%
Magic:  2/12       EV: 14    Int: 12      God:    Uskayaw [*.....]
Gold:   357        SH:  0    Dex: 10 (11) Spells: 1/12 levels left

rFire    + . .     SeeInvis .   m - +4 dagger (elec)
rCold    x . .     Gourm    .   (shield restricted)
rNeg     . . .     Faith    .   i - +0 leather armour
rPois    .         Spirit   .   (no helmet)
rElec    .         Reflect  .   (no cloak)
rCorr    .         Harm     .   h - +0 pair of gloves
MR       .....                  k - +0 pair of boots
Stlth    ++........             o - amulet of regeneration
HPRegen  0.57/turn              q - ring of fire
MPRegen  0.13/turn              (no ring)

@: mighty, very slightly contaminated
A: small, [clumsy 2], [deformed body], [deterioration 2], mutation resistance 1
a: Stomp, Renounce Religion


You were on level 2 of the Abyss.
You worshipped Uskayaw.
Uskayaw was noncommittal.
You were completely stuffed.

You visited 1 branch of the dungeon, and saw 6 of its levels.
You visited the Abyss 1 time.

You collected 357 gold pieces.

Inventory:

Hand Weapons
 g - a +0 long sword of holy wrath
 m - a +4 dagger of electrocution (weapon)
 n - a +0 long sword
Missiles
 a - 50 arrows
 e - 22 poisoned darts (quivered)
 p - 4 boomerangs
Armour
 h - a +0 pair of gloves (worn)
 i - a +0 leather armour (worn)
 k - a +0 pair of boots (worn)
Jewellery
 o - an amulet of regeneration (around neck)
 q - a ring of fire (left hand)
Wands
 b - a wand of polymorph (7)
Scrolls
 c - 4 scrolls of remove curse
 s - 4 scrolls of identify
Potions
 d - 2 potions of stabbing
 f - a potion of might
 l - 2 potions of curing


   Skills:
 * Level 2.3 Fighting
 * Level 3.2(3.4) Short Blades
 * Level 1.1(2.0) Long Blades
 * Level 2.7 Throwing
 * Level 2.6 Armour
 * Level 3.3 Dodging
 * Level 2.6 Stealth
 * Level 3.2 Unarmed Combat
 * Level 2.8 Spellcasting
 * Level 0.4 Summonings
 * Level 0.5 Necromancy
 * Level 2.3 Transmutations
 * Level 1.2 Ice Magic
 * Level 1.2 Poison Magic
 * Level 2.0 Invocations
 * Level 1.7 Evocations


You had one spell level left.
You knew the following spells:

 Your Spells              Type           Power        Failure   Level  Hunger
a - Ice Form              Ice/Tmut       #.......     83%         4    #####..
b - Sticks to Snakes      Tmut           #.......     19%         2    ###....
c - Spider Form           Tmut/Pois      #.........   43%         3    ###....
d - Summon Small Mammal   Summ           #...         26%         1    #......
e - Animate Skeleton      Necr           N/A          26%         1    #......

Your spell library contained the following spells:

 Spells                   Type           Power        Failure   Level  Hunger
 Beastly Appendage        Tmut           #.....       13%         1    #......
 Apportation              Tloc           #.....       32%         1    #......
 Corona                   Hex            #......      32%         1    #......
 Blade Hands              Tmut           #.........   98%         5    ######.


Dungeon Overview and Level Annotations

Branches:
Dungeon (6/15)
 Temple: D:4-7

Altars:
Cheibriados
Nemelex Xobeh
Ru
Uskayaw


Innate Abilities, Weirdness & Mutations

You are small and have problems with some larger weapons.
You are somewhat resistant to further mutation.
[You are very clumsy. (Dex -4)]
[Armour fits poorly on your strangely shaped body.]
[Your body often deteriorates upon taking damage.]


Message History

Okay, then.
The thrashing horror roars!
The wretched star pulses with an eldritch light!
You feel yourself wasting away.
You feel your body start to fall apart. The small abomination hits you!
Your body deteriorates!
You feel weakened. The thrashing horror tramples you.
You stumble backwards!
The small abomination barely misses you.
The quasit barely misses you. The quasit closely misses you.
The quasit misses you. The thrashing horror tramples you!
You stumble backwards!
The wretched star pulses with an eldritch light!
You feel clumsy. x2
The neqoxec gestures.
The small abomination closely misses you.
The neqoxec hits you.
* * * LOW HITPOINT WARNING * * *
Your body deteriorates!
You feel weakened. The thrashing horror tramples you!
You die...

._.###. .#.. ....#..
....... .......
........ .......
...... ....... .
#..... ....# ..
###.5.###...##
....#....5#@....#..
. .......3..xX......
...........55.......
..........3..X......
.....#.....#.....#..
#...###...###...## .
. .. #...*.#.....#
...........x.......
....................


You could see a wretched star, a thrashing horror, a large abomination, 2
neqoxecs, a small abomination, a quasit and a crimson imp (summoned).

Vanquished Creatures
  A troll (D:6)
  A phantom (D:5)
  A scorpion (D:6)
  A centaur zombie (D:6)
  3 crimson imps (D:5)
  2 orc priests (D:3)
  3 orc wizards
  A bullfrog skeleton (D:5)
  2 iguanas
  4 worker ants
  A howler monkey zombie (D:6)
  A gnoll (D:6)
  A howler monkey skeleton (D:4)
  5 adders
  An ooze (D:3)
  An adder skeleton (D:4)
  3 worms
  2 dart slugs (D:2)
  3 leopard geckos
  7 orcs
  A ball python (D:4)
  4 giant cockroaches
  6 goblins
  3 hobgoblins
  5 jackals
  3 quokkas
  4 bats
  3 frilled lizards
  4 kobolds
  3 rats (D:1)
80 creatures vanquished.

Vanquished Creatures (collateral kills)
  A bullfrog (D:6)
  Ijyb (D:3)
  2 orc wizards
  A worker ant (D:4)
  A gnoll (D:6)
  3 adders
  A shadow imp (D:5)
  A dart slug (D:3)
  2 orcs
  2 bats (D:3)
  2 goblins (D:3)
  3 hobgoblins
  3 jackals (D:3)
  A kobold (D:3)
  3 rats (D:1)
27 creatures vanquished.

Grand Total: 107 creatures vanquished

Notes
Turn   | Place    | Note
-------+----------+-------------------------------------------
     0 | D:1      | Mattiprrivan the Halfling Transmuter began the quest for
                  | the Orb.
     0 | D:1      | Reached XP level 1. HP: 12/12 MP: 3/3
   385 | D:1      | Reached XP level 2. HP: 3/18 MP: 2/4
   389 | D:1      | Learned a level 2 spell: Sticks to Snakes
   764 | D:1      | Reached skill level 1 in Fighting
  1346 | D:2      | Reached XP level 3. HP: 15/23 MP: 5/5
  1675 | D:2      | Reached skill level 1 in Armour
  2010 | D:3      | Reached skill level 1 in Stealth
  2235 | D:3      | Reached XP level 4. HP: 28/28 MP: 7/7
  2240 | D:3      | Learned a level 3 spell: Spider Form
  2546 | D:3      | Reached skill level 1 in Short Blades
  2600 | D:3      | Found a snail-covered altar of Cheibriados.
  2622 | D:3      | Reached skill level 1 in Throwing
  2748 | D:3      | Found a faded altar of an unknown god.
  2788 | D:3      | Became a worshipper of Uskayaw the Reveler
  2788 | D:3      | Reached * piety under Uskayaw
  2841 | D:3      | Reached ** piety under Uskayaw
  3185 | D:3      | Noticed Ijyb
  3199 | D:3      | Reached XP level 5. HP: 33/33 MP: 2/8
  3202 | D:3      | Killed Ijyb
  3577 | D:3      | Reached XP level 6. HP: 18/39 MP: 5/9
  3906 | D:4      | Reached skill level 1 in Invocations
  4229 | D:4      | Found a sacrificial altar of Ru.
  4234 | D:4      | Reached skill level 1 in Evocations
  4561 | D:5      | Entered Level 5 of the Dungeon
  4605 | D:5      | Reached XP level 7. HP: 44/44 MP: 10/10
  4826 | D:5      | Learned a level 4 spell: Ice Form
  5022 | D:5      | Found a sparkling altar of Nemelex Xobeh.
  5612 | D:5      | Learned a level 1 spell: Summon Small Mammal
  5614 | D:5      | Learned a level 1 spell: Animate Skeleton
  5849 | D:6      | Noticed a troll
  5856 | D:6      | Reached XP level 8. HP: 46/50 MP: 2/12
  5865 | D:6      | Killed a troll
  5865 | D:6      | Reached skill level 1 in Long Blades
  5865 | D:6      | Reached skill level 1 in Ice Magic
  5865 | D:6      | Reached skill level 1 in Poison Magic
  6073 | D:6      | Cast into level 1 of the Abyss (gnoll)
  6148 | Abyss:2  | Noticed a starcursed mass
  6206 | Abyss:2  | Noticed a tentacled starspawn
  6219 | Abyss:2  | Noticed a ynoxinul
  6221 | Abyss:2  | Noticed a large abomination
  6327 | Abyss:2  | Noticed a small abomination
  6330 | Abyss:2  | Noticed a wretched star
  6331 | Abyss:2  | Noticed a thrashing horror
  6337 | Abyss:2  | Found a corrupted altar of Lugonu.
  6337 | Abyss:2  | Slain by a thrashing horror

Illustrated notes

Levels and vault maps discovered:
D:1:      dpeg_arrival_ratfight, layout_loops_ring
D:2:      layout_loops_ring, minmay_misc_feat_chi
D:3:      layout_rooms, kennysheep_slug_shrine,
          chequers_ecumenical_altar_island, first_ration,
          minmay_misc_feat_enclosed, uniq_ijyb
D:4:      layout_cave_pools, nicolae_ru_great_annihilating_truth
D:5:      layout_basic, old_standard_altar
D:6:      layout_basic, amethyst_overflow_temple_binary,
          minmay_temple_entry_butterflies, serial_shops, shop_statue, shop,
          shop, shop, uniq_menkaure
Abyss:2:  base: D:4, hangedman_abyss_stitches_cave

Skill      XL: |  1  2  3  4  5  6  7  8 |
---------------+-------------------------+-----
Fighting       | 1 2 |  2.3
Spellcasting   | 2 |  2.8
Armour         | 1 2 |  2.6
Stealth        | 1 2 |  2.6
Short Blades   | 1 2 3 |  3.2
Throwing       | 1 2 |  2.7
Invocations    | 1 2 |  2.0
Evocations     | 1 |  1.7
Dodging        | 3 |  3.3
Transmutations | 2 |  2.3
Unarmed Combat | 3 |  3.2
Long Blades    | 1 |  1.1
Ice Magic      | 1 |  1.2
Poison Magic   | 1 |  1.2
Summonings     | |  0.4
Necromancy     | |  0.5

Action                   |  1- 3 |  4- 6 |  7- 9 || total
-------------------------+-------+-------+-------++-------
Melee: Unarmed           |    22 |       |     9 ||    31
       Dagger            |    75 |   140 |    86 ||   301
       Kick              |     1 |       |       ||     1
       Headbutt          |     1 |       |       ||     1
       Punch             |     1 |       |     1 ||     2
Throw: Dart              |    43 |     7 |    43 ||    93
       Throwing net      |     2 |       |       ||     2
 Cast: Beastly Appendage |     5 |       |       ||     5
       Sticks to Snakes  |     6 |    27 |    19 ||    52
       Spider Form       |       |       |     1 ||     1
Evoke: Wand              |       |     2 |       ||     2
  Use: Scroll            |     5 |     7 |     9 ||    21
       Potion            |     3 |     3 |     4 ||    10
 Stab: Sleeping          |     1 |     4 |       ||     5
       Distracted        |       |     2 |       ||     2
       Paralysed         |       |     1 |       ||     1
  Eat: Ration            |     4 |     2 |     3 ||     9
Armor: Robe              |     5 |       |       ||     5
       Leather armour    |    14 |    27 |    20 ||    61
       Skin              |       |    19 |     2 ||    21
Dodge: Dodged            |    64 |    81 |    83 ||   228
